 Dungeon Crawl Stone Soup version 0.21.1-1-g345015f (webtiles) character file.

109 vatarom the Gusty (level 4, 0/24 HPs)
             Began as a Tengu Air Elementalist on May 7, 2018.
             Succumbed to a worker ant's poison
             ... on level 3 of the Dungeon.
             The game lasted 00:05:43 (2305 turns).

vatarom the Gusty (Tengu Air Elementalist)          Turns: 2305, Time: 00:05:44

Health: 0/24       AC:  2    Str:  8    XL:     4   Next: 89%
Magic:  9/9        EV: 12    Int: 17    God:
Gold:   43         SH:  0    Dex: 14    Spells: 2/8 levels left

rFire    + . .     SeeInvis .   h - +0 short sword
rCold    + . .     Gourm    .   (no shield)
rNeg     . . .     Faith    .   a - +0 robe
rPois    +         Spirit   .   (helmet restricted)
rElec    +         Reflect  .   (no cloak)
rCorr    +         Harm     .   (no gloves)
MR       .....                  (boots unavailable)
Stlth    ++........             (no amulet)
HPRegen  0.08/turn              (no ring)
MPRegen  0.11/turn              (no ring)

@: lethally poisoned (0 -> -10), resistant
A: beak, talons 3
a: no special abilities


You were on level 3 of the Dungeon.
You were hungry.

You visited 1 branch of the dungeon, and saw 3 of its levels.

You collected 43 gold pieces.

Inventory:

Hand Weapons
 h - a +0 short sword (weapon)
Armour
 a - a +0 robe (worn)
Scrolls
 d - a scroll of magic mapping {unknown}
 f - a scroll of remove curse {unknown}
 i - a scroll of enchant armour {unknown}
 k - a scroll of fog {unknown}
 o - a scroll of identify {unknown}
Potions
 e - a potion of haste {unknown}
 g - a potion of mutation {unknown}
 j - a potion of degeneration {unknown}
Books
 b - a book of Air

   Spells                             Type                      Level
   a - Shock                          Conjuration/Air              1
   b - Swiftness                      Charms/Air                   2
   c - Static Discharge               Conjuration/Air              3
   d - Airstrike                      Air                          4
   e - Lightning Bolt                 Conjuration/Air              5
Comestibles
 c - 6 rations


   Skills:
 - Level 2.1 Dodging
 - Level 2.0 Stealth
 + Level 2.8 Spellcasting
 * Level 4.3 Conjurations
 + Level 4.9 Air Magic


You had 2 spell levels left.
You knew the following spells:

 Your Spells              Type           Power        Failure   Level  Hunger
a - Shock                 Conj/Air       ###.         2%          1    #......
b - Swiftness             Chrm/Air       ##......     10%         2    ##.....
c - Static Discharge      Conj/Air       ###.....     8%          3    ###....


Dungeon Overview and Level Annotations

Branches:
Dungeon (3/15)

Altars:
Dithmenos
Nemelex Xobeh
Qazlal

Annotations:
D:2 Sigmund, Terence


Innate Abilities, Weirdness & Mutations

You have a beak for a mouth.
You have claws for feet.


Message History

Press: ? - help, Shift-Dir - straight line The zap hits the worker ant.
The worker ant appears unharmed.
The worker ant is heavily wounded.
The zap hits the worker ant.
The worker ant is severely wounded.
The worker ant bites you!
You are poisoned.
The worker ant poisons you! The worker ant bites you.
* * * LOW HITPOINT WARNING * * *
Unknown command.
It was a potion of resistance.
You feel protected.
* * * LOW HITPOINT WARNING * * *
You feel sick. The worker ant bites you.
* * * LOW HITPOINT WARNING * * *
You are more poisoned.
The worker ant poisons you!
It was a potion of magic.
Magic courses through your body.
You are feeling hungry.
You die...

...# #.# ...# #.#
...# #.########
...# #..(.[...#
...# #######.##
...# #.# .### #.#
.# #.# .#######
#@# ........ #a#
...#############.#
.................#
...###############
.<.# ...# ...#
.....


You could see a worker ant.

Vanquished Creatures
  2 orc wizards (D:3)
  2 adders
  A worm (D:2)
  A leopard gecko (D:3)
  2 orcs (D:3)
  8 bats
  3 giant cockroaches
  3 hobgoblins
  A kobold (D:3)
  2 ball pythons (D:3)
  6 rats
31 creatures vanquished.

Notes
Turn   | Place    | Note
-------+----------+-------------------------------------------
     0 | D:1      | vatarom the Tengu Air Elementalist began the quest for the Orb.
     0 | D:1      | Reached XP level 1. HP: 10/10 MP: 4/4
   454 | D:1      | Reached XP level 2. HP: 15/15 MP: 4/6
  1056 | D:2      | Found a shadowy altar of Dithmenos.
  1056 | D:2      | Found a stormy altar of Qazlal.
  1117 | D:2      | Noticed Sigmund
  1138 | D:1      | Reached XP level 3. HP: 14/19 MP: 3/7
  1179 | D:1      | Learned a level 2 spell: Swiftness
  1183 | D:1      | Learned a level 3 spell: Static Discharge
  1368 | D:2      | Noticed Terence
  1726 | D:2      | Found a sparkling altar of Nemelex Xobeh.
  1800 | D:3      | Reached XP level 4. HP: 23/24 MP: 2/8
  2304 | D:3      | HP: 1/24 [worker ant (2)]
  2305 | D:3      | Succumbed to a worker ant's poison

Skill      XL: |  1  2  3  4 |
---------------+-------------+-----
Conjurations   | 2 3 4 |  4.3
Dodging        | |  2.1
Stealth        | |  2.0
Spellcasting   | |  2.8
Air Magic      | |  4.9

Action                   |  1- 3 |  4- 6 || total
-------------------------+-------+-------++-------
Melee: Unarmed           |     3 |       ||     3
       Kick              |     3 |     3 ||     6
       Peck              |     2 |       ||     2
       Short sword       |    12 |    15 ||    27
 Cast: Shock             |    30 |    18 ||    48
       Swiftness         |     1 |       ||     1
       Static Discharge  |     1 |       ||     1
  Use: Potion            |       |     2 ||     2
 Stab: Sleeping          |     2 |     2 ||     4
  Eat: Chunk             |     1 |       ||     1
       Ration            |     1 |       ||     1
Armor: Robe              |     4 |     8 ||    12
Dodge: Dodged            |    12 |    21 ||    33
